 Dungeon Crawl Stone Soup version 0.26-a0-958-gf3041fb45f (webtiles) character file.

Game seed: 16324277201797707926

30760 robertstho the Brawler (level 13, -8/124 HPs)
             Began as a Troll Fighter on Nov 30, 2020.
             Was a High Priest of Okawaru.
             Mangled by a seven-headed hydra (14 damage)
             ... on level 1 of the Lair of Beasts.
             The game lasted 00:25:30 (11822 turns).

robertstho the Brawler (Troll Fighter)             Turns: 11822, Time: 00:25:31

Health: -8/124     AC: 13    Str: 34    XL:     13   Next: 22%
Magic:  15/17      EV: 14    Int:  2    God:    Okawaru [*****.]
Gold:   1017       SH: 31    Dex: 10    Spells: 12/12 levels left

rFire    + . .     SeeInvis .     - Unarmed
rCold    . . .     Faith    .   E - +10 tower shield of Ignorance {rN+ Int-4}
rNeg     + . .     Spirit   .   T - +0 troll leather armour
rPois    +         Reflect  .   w - +2 hat "Jofid" {rPois}
rElec    .         Harm     .   Q - +1 cloak {MR+}
rCorr    .         Rampage  .   (gloves unavailable)
MR       +....                  (boots unavailable)
Stlth    +++.......             A - amulet of the acrobat
HPRegen  1.10/turn              q - +6 ring of strength
MPRegen  0.15/turn              G - ring "Feodwum" {*Contam +Fly rPois rF+}

@: heroism
A: large, unfitting armour, claws 3, regeneration 1, shaggy fur 1, tough skin 3
a: Heroism, Finesse, Renounce Religion, Evoke Flight


You were on level 1 of the Lair of Beasts.
You worshipped Okawaru.
Okawaru was extremely pleased with you.
You visited 3 branches of the dungeon, and saw 15 of its levels.
You also visited: Gauntlet.

You collected 1017 gold pieces.

Inventory:

Missiles
 a - a large rock (quivered)
Armour
 m - a scarf of resistance
 v - a +2 robe of resistance
 w - the +2 hat "Jofid" (worn) {rPois}
   (You found it in a Gauntlet)

   It protects you from poison.
 E - the +10 tower shield of Ignorance (worn) {rN+ Int-4}
   (You found it on level 7 of the Dungeon)

   It affects your intelligence (-4).
   It protects you from negative energy.
 M - a +2 robe of magic resistance
 Q - a +1 cloak of magic resistance (worn)
 T - a +0 troll leather armour (worn)
Jewellery
 g - an uncursed ring of ice
 o - an uncursed ring of resist corrosion
 q - a +6 ring of strength (left claw)
 A - an amulet of the acrobat (around neck)
 G - the ring "Feodwum" (right claw) {*Contam +Fly rPois rF+}
   (You found it on level 7 of the Dungeon)

   [ring of poison resistance]

   It protects you from fire.
   It protects you from poison.
   It lets you fly.
   It causes magical contamination when unequipped.
 I - an uncursed ring of magical power
 L - an uncursed ring of protection from magic
 O - an uncursed ring of protection from magic
 P - an uncursed ring of fire
Wands
 y - a wand of iceblast (22)
 C - a wand of disintegration (11)
Scrolls
 b - a scroll of acquirement {unknown}
 d - 3 scrolls of enchant armour {unknown}
 j - 4 scrolls of amnesia {unknown}
 k - 6 scrolls of teleportation {unknown}
 l - a scroll of blinking
 p - a scroll of noise {unknown}
 r - 11 scrolls of remove curse {unknown}
 t - 2 scrolls of enchant weapon {unknown}
 x - 4 scrolls of vulnerability {unknown}
 z - 4 scrolls of magic mapping {unknown}
 B - 5 scrolls of fear {unknown}
 H - a scroll of holy word {unknown}
 J - a scroll of brand weapon {unknown}
 K - a scroll of random uselessness {unknown}
 N - a scroll of fog
Potions
 c - 2 potions of might
 e - 2 potions of haste
 h - 6 potions of curing
 i - 2 potions of heal wounds
 n - 2 potions of brilliance
 s - 2 potions of berserk rage
 u - a potion of lignification
 D - a potion of cancellation
 F - 2 potions of mutation
 R - 2 potions of ambrosia
Miscellaneous
 S - a condenser vane


   Skills:
 * Level 7.2(12.2) Fighting
 + Level 2.2(7.2) Armour
 + Level 6.5(11.5) Dodging
 - Level 0.6(5.6) Stealth
 + Level 7.6(12.6) Shields
 * Level 15.5(20.5) Unarmed Combat
 * Level 7.0 Invocations


You had 12 spell levels left.
You didn't know any spells.
Your spell library contained the following spells:

 Spells                   Type           Power        Failure   Level
 Animate Skeleton         Necr           #.....       75%         1
 Corona                   Hex            #......      75%         1
 Magic Dart               Conj           #...         75%         1
 Pain                     Necr           #...         75%         1
 Searing Ray              Conj           #.....       87%         2
 Slow                     Hex            #.......     87%         2
 Dazzling Flash           Conj/Hex       #.....       98%         3
 Inner Flame              Hex/Fire       #.......     98%         3
 Portal Projectile        Hex/Tloc       #.....       98%         3
 Vampiric Draining        Necr           #.........   98%         3
 Animate Dead             Necr           #.........   100%        4
 Cause Fear               Hex            #.........   100%        4
 Fulminant Prism          Conj/Hex       #.........   100%        4
 Iskenderun's Mystic Bla  Conj/Tloc      #.......     100%        4
 Leda's Liquefaction      Hex/Erth       #.........   100%        4
 Agony                    Necr           #.......     100%        5
 Bolt of Magma            Conj/Fire/Erth #.........   100%        5
 Iron Shot                Conj/Erth      #.........   100%        6
 Statue Form              Tmut/Erth      #........    100%        6
 Malign Gateway           Summ/Tloc      #.........   100%        7
 Monstrous Menagerie      Summ           #.........   100%        7
 Summon Greater Demon     Summ           #.........   100%        7
 Summon Horrible Things   Summ           #.........   100%        8
 Shatter                  Erth           #.........   100%        9


Dungeon Overview and Level Annotations

Branches:
Dungeon (13/15)            Temple (1/1) D:6            Lair (1/6) D:11
    Orc (0/2) D:12        Gauntlet (visited)
 Vaults: D:13-14

Altars:
Ashenzari
Cheibriados
Dithmenos
Elyvilon
Fedhas
Gozag
Hepliaklqana
Kikubaaqudgha
Makhleb
Nemelex Xobeh
Okawaru
Qazlal
Ru
Sif Muna
Trog
Uskayaw
Vehumet
Wu Jian
Xom
Yredelemnul
Zin
The Shining One
Beogh

Annotations:
D:4 3 runed translucent doors, JolietJake's ghost, amateur HOMo
D:7 1 runed translucent door, exclusion: 4 orange crystal statues
D:9 4 runed translucent doors


Innate Abilities, Weirdness & Mutations

You are too large for most types of armour.
You have claws for hands.
Your natural rate of healing is unusually fast.
You are covered in fur. (AC +1)
You have extremely tough skin. (AC +3)


Message History

The seven-headed hydra bites you but does no damage.
The seven-headed hydra completely misses you.
You block the seven-headed hydra's attack.
Throw: 2 large rocks
Press: ? - help, Q - select action, (/) - cycle Shift-Dir - straight line, f/p - seven-headed hydra
Aim: a seven-headed hydra (severely wounded)
You throw a large rock.
The large rock hits the seven-headed hydra.
The seven-headed hydra is severely wounded.
You block the seven-headed hydra's attack.
The seven-headed hydra bites you.
* * * LOW HITPOINT WARNING * * *
You block the seven-headed hydra's attack.
The seven-headed hydra bites you but does no damage.
You block the seven-headed hydra's attack.
The seven-headed hydra closely misses you.
You block the seven-headed hydra's attack.
The seven-headed hydra bites you but does no damage.
The seven-headed hydra bites you!
You die...

#........... #....##
#..........# ##....#
...........###.....##
..........###P......##
#...........#P.......##
##......#P............#
#.....P# #...........#
#....### ###.........#
#....## #(..D@.....#
###....# #...(........#
.##[...###..(..........#
..#.....##...!..........#
..#....####............##
..#(....# #.$.........##
........# ###.........#
..#.....### ......##..#
.##......P.


You could see a seven-headed hydra.

Vanquished Creatures
  A minotaur (Gauntlet)
  A death ooze (Gauntlet)
  Josephine (D:10)
  Harold (D:7)
  The ghost of Demosthentine the Protected, a journeyman FoFi of Cheibriados (D:11)
  A hydra (D:13)
  2 centaur warriors (D:13)
  4 two-headed ogres
  3 skeletal warriors (D:13)
  An unseen horror (D:12)
  A harpy (shapeshifter) (Gauntlet)
  2 ugly things (D:12)
  A manticore (D:13)
  A cyclops (D:13)
  A gargoyle (D:11)
  An eye of devastation (Gauntlet)
  A queen bee (D:11)
  3 trolls
  A polar bear (shapeshifter) (Gauntlet)
  2 hornets (D:11)
  6 wraiths
  24 yaks
  Eustachio (D:6)
  A wyvern (D:9)
  A hog (shapeshifter) (D:13)
  A golden eye (Gauntlet)
  2 steam dragons
  Grum (D:10)
  An acid dragon (D:13)
  4 vampire mosquitoes (D:13)
  A soldier ant (D:10)
  Duvessa (D:6)
  3 water moccasins
  A floating eye (Gauntlet)
  3 ice beasts
  3 black bears
  9 orc warriors
  2 sky beasts
  2 eyes of draining
  A phantom (D:8)
  9 ogres
  2 wolves (D:10)
  7 centaurs
  A big kobold (D:9)
  12 bullfrogs
  2 scorpions
  A wyvern skeleton (D:7)
  Dowan (D:6)
  18 killer bees
  10 wights
  2 bullfrog zombies
  5 centaur zombies
  4 howler monkeys
  A quasit (D:8)
  8 hounds
  4 jellies
  6 centaur skeletons
  11 orc priests
  16 orc wizards
  Jessica (D:2)
  7 iguanas
  Ijyb (D:3)
  Terence (D:3)
  9 worker ants
  5 hound skeletons
  2 worker ant zombies
  Robin (D:3)
  8 gnolls (D:3)
  8 adders
  6 shadow imps
  2 white imps
  2 oozes (D:5)
  4 adder zombies
  3 adder skeletons
  5 worms
  A dart slug (shapeshifter) (Gauntlet)
  2 dart slugs
  9 leopard geckos
  44 orcs
  5 giant cockroaches
  21 goblins
  9 hobgoblins
  6 jackals
  15 kobolds
  7 quokkas
  7 bats
  3 frilled lizards
  A jackal skeleton (D:7)
  A leopard gecko skeleton (D:4)
  5 rats
419 creatures vanquished.

Vanquished Creatures (others)
  A plant (Gauntlet)
  A withered plant (D:4)
2 creatures vanquished.

Grand Total: 421 creatures vanquished

Notes
Turn   | Place    | Note
-------+----------+-------------------------------------------
     0 | D:1      | robertstho the Troll Fighter began the quest for the Orb.
     0 | D:1      | Reached XP level 1. HP: 22/22 MP: 0/0
    10 | D:1      | Noticed a centaur
    41 | D:1      | Reached XP level 2. HP: 29/29 MP: 1/1
   739 | D:2      | Reached XP level 3. HP: 36/36 MP: 2/2
   861 | D:2      | Reached skill level 3 in Unarmed Combat
   988 | D:2      | Reached XP level 4. HP: 42/44 MP: 3/3
  1124 | D:2      | Noticed Jessica
  1131 | D:2      | Killed Jessica
  1558 | D:3      | Reached skill level 4 in Unarmed Combat
  1558 | D:3      | Reached XP level 5. HP: 20/53 MP: 4/4
  1692 | D:3      | Noticed Ijyb
  1703 | D:3      | Killed Ijyb
  1706 | D:3      | Noticed Robin
  1738 | D:3      | Noticed Terence
  1752 | D:3      | Killed Robin
  1770 | D:3      | Killed Terence
  1856 | D:3      | Reached XP level 6. HP: 57/61 MP: 5/5
  2037 | D:3      | Found a sacrificial altar of Ru.
  2361 | D:4      | Reached skill level 5 in Unarmed Combat
  2436 | D:4      | Found a runed translucent gate.
  2436 | D:4      | Found a runed translucent gate.
  2438 | D:4      | Identified the +1 scale mail of the Sun {-Cast rN+ Int+9
                  | Dex-2}
  2440 | D:4      | Found a runed translucent gate.
  2440 | D:4      | Noticed JolietJake's ghost (amateur HOMo)
  2448 | D:4      | Found a roughly hewn altar of Beogh.
  2942 | D:5      | Entered Level 5 of the Dungeon
  3149 | D:5      | Reached XP level 7. HP: 64/67 MP: 6/6
  3447 | D:6      | Noticed Duvessa
  3452 | D:6      | Noticed Dowan
  3541 | D:6      | Noticed Eustachio
  3555 | D:6      | Killed Dowan
  3556 | D:6      | Reached skill level 6 in Unarmed Combat
  3690 | D:6      | Found a staircase to the Ecumenical Temple.
  3701 | Temple   | Entered the Ecumenical Temple
  3894 | Temple   | Became a worshipper of Warmaster Okawaru
  4114 | D:6      | Reached skill level 1 in Invocations
  4120 | D:6      | Reached skill level 7 in Unarmed Combat
  4124 | D:6      | Reached XP level 8. HP: 58/78 MP: 7/7
  4189 | D:6      | Killed Eustachio
  4270 | D:6      | Reached * piety under Okawaru
  4374 | D:6      | Killed Duvessa
  4490 | D:7      | Reached skill level 8 in Unarmed Combat
  4517 | D:7      | Found a runed translucent door.
  4523 | D:7      | Found the +10 tower shield of Ignorance {rN+ Int-4}
  4528 | D:7      | Found a runed translucent door.
  4896 | D:7      | Noticed Harold
  4909 | D:7      | Killed Harold
  4909 | D:7      | Reached ** piety under Okawaru
  4910 | D:7      | Reached skill level 9 in Unarmed Combat
  4910 | D:7      | Reached XP level 9. HP: 67/85 MP: 8/10
  4962 | D:7      | Got a flickering bone ring
  4975 | D:7      | Identified the ring "Feodwum" {*Contam +Fly rPois rF+} (You
                  | found it on level 7 of the Dungeon)
  4985 | D:7      | Reached *** piety under Okawaru
  5080 | D:7      | Found a hazy altar of Hepliaklqana.
  5212 | D:7      | Noticed an orange crystal statue
  5228 | D:7      | Noticed an orange crystal statue
  5228 | D:7      | Noticed an orange crystal statue
  5228 | D:7      | Noticed an orange crystal statue
  5327 | D:8      | Reached skill level 10 in Unarmed Combat
  5925 | D:8      | Found a basalt altar of Yredelemnul.
  5925 | D:8      | Found a faded altar of an unknown god.
  5930 | D:8      | Found a faded altar of an unknown god.
  5932 | D:8      | Found a shimmering blue altar of Sif Muna.
  5933 | D:8      | Found a blossoming altar of Fedhas.
  6045 | D:9      | Noticed a troll
  6053 | D:9      | Killed a troll
  6053 | D:9      | Reached **** piety under Okawaru
  6054 | D:9      | Reached skill level 5 in Fighting
  6054 | D:9      | Reached XP level 10. HP: 76/96 MP: 11/11
  6107 | D:9      | Found a huge runed translucent gate.
  6107 | D:9      | Found a huge runed translucent gate.
  6107 | D:9      | Found a huge runed translucent gate.
  6107 | D:9      | Found a huge runed translucent gate.
  6107 | D:9      | Noticed a manticore
  6267 | D:9      | Found a glowing silver altar of Zin.
  6275 | D:9      | Reached skill level 11 in Unarmed Combat
  6293 | D:9      | Noticed a two-headed ogre
  6345 | D:9      | Found a sacrificial altar of Ru.
  6380 | D:9      | Killed a two-headed ogre
  6390 | D:9      | Identified the cursed +2 mace of the Five Realms {drain,
                  | rPois rF+ Dex+7}
  6394 | D:9      | Reached skill level 5 in Shields
  6449 | D:9      | Reached skill level 5 in Dodging
  6686 | D:10     | Entered Level 10 of the Dungeon
  6837 | D:10     | Reached skill level 12 in Unarmed Combat
  6852 | D:10     | Reached ***** piety under Okawaru
  7105 | D:10     | Reached XP level 11. HP: 68/105 MP: 13/13
  7180 | D:10     | Noticed a two-headed ogre
  7188 | D:10     | Killed a two-headed ogre
  7188 | D:10     | Received a gift from Okawaru
  7266 | D:10     | Noticed a two-headed ogre
  7275 | D:10     | Killed a two-headed ogre
  7276 | D:10     | Reached skill level 5 in Invocations
  7486 | D:10     | Noticed Grum
  7495 | D:10     | Killed Grum
  7543 | D:10     | Noticed Josephine
  7576 | D:10     | Killed Josephine
  7577 | D:10     | Reached skill level 13 in Unarmed Combat
  8080 | D:11     | Found a gate leading to a gauntlet.
  8100 | Gauntlet | Entered a Gauntlet
  8100 | Gauntlet | Found a transporter.
  8105 | Gauntlet | Noticed a death ooze
  8107 | Gauntlet | Found a transporter.
  8109 | Gauntlet | Found a transporter.
  8118 | Gauntlet | Found a transporter.
  8120 | Gauntlet | Found a transporter.
  8123 | Gauntlet | Noticed a wizard
  8126 | Gauntlet | Noticed a wizard
  8131 | Gauntlet | Found a transporter.
  8146 | Gauntlet | Found a transporter.
  8154 | Gauntlet | Noticed a death yak
  8156 | Gauntlet | Found a transporter.
  8156 | Gauntlet | Noticed a death yak
  8163 | Gauntlet | Found a runed translucent door.
  8164 | Gauntlet | Noticed a death yak
  8167 | Gauntlet | Found a transporter.
  8178 | Gauntlet | Noticed a wretched star
  8180 | Gauntlet | Found a transporter.
  8194 | Gauntlet | Found a transporter.
  8194 | Gauntlet | Found a transporter.
  8242 | Gauntlet | Found a transporter.
  8256 | Gauntlet | Found a transporter.
  8344 | Gauntlet | Killed a death ooze
  8419 | Gauntlet | Noticed a fire crab
  8421 | Gauntlet | a fire crab changed into a polar bear
  8432 | Gauntlet | Noticed a harpy
  8432 | Gauntlet | a wind drake changed into a harpy
  8440 | Gauntlet | Killed a harpy
  8451 | Gauntlet | Noticed a shining eye
  8460 | Gauntlet | Got an ichor-stained hat
  8460 | Gauntlet | Noticed a two-headed ogre
  8460 | Gauntlet | a swamp worm changed into a two-headed ogre
  8462 | Gauntlet | Noticed an anaconda
  8462 | Gauntlet | a two-headed ogre changed into an anaconda
  8463 | Gauntlet | Noticed a satyr
  8463 | Gauntlet | an anaconda changed into a satyr
  8465 | Gauntlet | Identified the +2 hat "Jofid" {rPois} (You found it in a
                  | Gauntlet)
  8465 | Gauntlet | Noticed a dire elephant
  8465 | Gauntlet | a satyr changed into a dire elephant
  8516 | Gauntlet | Noticed a minotaur
  8523 | Gauntlet | Killed a minotaur
  8523 | Gauntlet | Received a gift from Okawaru
  8758 | D:11     | Found a transporter.
  8758 | D:11     | Found a transporter.
  8759 | D:11     | Noticed Demosthentine's ghost (journeyman FoFi)
  8904 | D:11     | Found a staircase to the Lair.
  8953 | D:11     | Reached XP level 12. HP: 106/115 MP: 15/15
  9097 | D:11     | Killed Demosthentine's ghost
  9098 | D:11     | Reached skill level 14 in Unarmed Combat
  9435 | D:12     | Found a staircase to the Orcish Mines.
 10045 | D:13     | Noticed a centaur warrior
 10060 | D:13     | Killed a centaur warrior
 10147 | D:13     | Reached skill level 1 in Armour
 10301 | D:13     | Reached skill level 15 in Unarmed Combat
 10356 | D:13     | Noticed a centaur warrior
 10362 | D:13     | Killed a centaur warrior
 10403 | D:13     | Received a gift from Okawaru
 10430 | D:13     | Noticed a six-headed hydra
 10443 | D:13     | Killed a 12-headed hydra
 10618 | D:13     | Noticed a two-headed ogre
 10624 | D:13     | Killed a two-headed ogre
 10758 | D:13     | Reached XP level 13. HP: 113/124 MP: 17/17
 10780 | D:13     | Reached ****** piety under Okawaru
 11360 | Lair:1   | Entered Level 1 of the Lair of Beasts
 11821 | Lair:1   | HP: 6/124 [seven-headed hydra (9)]
 11822 | Lair:1   | Mangled by a seven-headed hydra

Illustrated notes

Levels and vault maps discovered:
D:1:      evilmike_arrival_come_back, layout_loops_ring
D:2:      layout_loops_ring, uniq_jessica
D:3:      layout_loops_ring, nicolae_ru_the_path_less_chosen, amethyst_killhole,
          uniq_robin, uniq_terence, uniq_ijyb
D:4:      layout_loops_ring, serial_undead, serial_undead_d, serial_undead_f,
          serial_undead_c, serial_undead_e, biasface_ghost_orc_armoury
D:5:      layout_cave_pools, minivault_11, minmay_misc_feat_roman,
          hangedman_decor_peaks_small
D:6:      layout_basic, minmay_temple_entry_glassed_door, uniq_eustachio,
          uniq_duvessa
D:7:      layout_rooms, general_overflow_altar, minmay_misc_feat_rugged,
          chequers_guarded_unrand_ignorance, uniq_harold
D:8:      layout_cave_pools, chequers_temple_overflow_minitemple
D:9:      lemuel_bear_cage, layout_cave_pools, lemuel_crystal_altar, basic_altar
D:10:     layout_irregular_city, uniq_josephine, uniq_grum
D:11:     layout_rooms, lair_entry_dummy, gammafunk_ghost_hive,
          gauntlet_entry_generic
D:12:     layout_roguey, erik_orc_3, st_stairs_3
D:13:     layout_grid_maze, chequers_serial_rivers_marsh
Temple:   eino_temple_rhombus
Lair:1:   layout_cave_pods

Skill      XL: |  1  2  3  4  5  6  7  8  9 10 11 12 13 |
---------------+----------------------------------------+-----
Unarmed Combat | 3 4 5 7 9 10 12 13 15 | 15.5
Fighting       | 3 4 5 6 7 |  7.2
Dodging        | 3 4 5 6 |  6.5
Shields        | 3 4 5 6 7 |  7.6
Invocations    | 1 2 3 4 5 6 7 |  7.0
Armour         | 1 2 |  2.2
Stealth        | |  0.6

Action                   |  1- 3 |  4- 6 |  7- 9 | 10-12 | 13-15 || total
-------------------------+-------+-------+-------+-------+-------++-------
Melee: Unarmed           |   102 |   221 |   309 |   618 |    95 ||  1345
Throw: Large rock        |       |       |       |     1 |     8 ||     9
Invok: Heroism           |       |       |     3 |     9 |     1 ||    13
       Finesse           |       |       |       |     2 |       ||     2
Evoke: Wand              |       |       |       |     1 |       ||     1
  Use: Scroll            |       |     6 |     1 |     4 |     3 ||    14
       Potion            |       |       |     3 |     1 |     2 ||     6
 Stab: Sleeping          |     2 |     1 |     1 |     2 |       ||     6
Armor: Robe              |    33 |    61 |    66 |    60 |       ||   220
       Troll leather arm |       |       |       |    34 |    24 ||    58
Dodge: Dodged            |    23 |    65 |   105 |   189 |    30 ||   412
Block: Kite shield       |    46 |    96 |   132 |   159 |       ||   433
       Tower shield      |       |       |       |   361 |   142 ||   503

Table legend: (Time is in decaauts)
 A = Elapsed time spent in this place.
 B = Non-inter-level travel time spent in this place.
 C = Inter-level travel time spent in this place.
 D = Time resting spent in this place.
 E = Time spent auto-exploring this place.
 F = Levels seen in this place.
 G = Mean time per level.
                   A        B        C        D        E       F      G
               +--------+--------+--------+--------+--------+-----+--------+
         Total |  11647 |  10951 |    696 |    191 |   7840 |  16 |  727.9 |
       Dungeon |  10419 |   9772 |    647 |    162 |   6997 |  13 |  801.5 |
        Temple |    209 |    160 |     49 |      0 |    159 |   1 |  209.0 |
          Lair |    460 |    460 |      0 |      0 |    376 |   1 |  460.0 |
      Gauntlet |    558 |    558 |      0 |     29 |    308 |   1 |  558.0 |
               +--------+--------+--------+--------+--------+-----+--------+

Top non-repeatable levels by time:
    D:13: 1250 daAuts
    D:10: 1231 daAuts
     D:7: 818 daAuts
    D:12: 808 daAuts
     D:3: 786 daAuts
     D:1: 746 daAuts
     D:2: 744 daAuts
     D:6: 714 daAuts
    D:11: 701 daAuts
     D:8: 697 daAuts
     D:4: 670 daAuts
     D:9: 663 daAuts
     D:5: 586 daAuts
Gauntlet: 558 daAuts
  Lair:1: 460 daAuts
